 Dungeon Crawl Stone Soup version 0.29.1-12-g30fa7ad0bf (webtiles) character file.

Game seed: 13946804692494330041

54 wormed the Slasher (level 3, -1/29 HPs)
             Began as a Demigod Gladiator on Dec 27, 2022.
             Frozen to death by an endoplasm (4 damage)
             ... on level 3 of the Dungeon.
             The game lasted 00:02:27 (1139 turns).

wormed the Slasher (Demigod Gladiator)              Turns: 1139, Time: 00:02:27

Health: -1/29      AC:  4    Str: 15    XL:     3   Next: 44%
Magic:  5/5        EV: 13    Int: 10    God:
Gold:   88         SH:  0    Dex: 19    Spells: 2/2 levels left

rFire   . . .      SeeInvis .   a - +0 long sword
rCold   . . .      Faith    .   (no shield)
rNeg    . . .      Spirit   .   b - +0 leather armour
rPois   .          Reflect  .   c - +0 helmet
rElec   .          Harm     .   (no cloak)
rCorr   .          Rampage  .   (no gloves)
Will    .....                   (no boots)
Stlth   +.........              (no amulet)
HPRegen 0.09/turn               (no ring)
MPRegen 0.09/turn               (no ring)

@: no status effects
A: high MP 1, forlorn, divine attributes
a: no special abilities


You were on level 3 of the Dungeon.
You visited 1 branch of the dungeon, and saw 3 of its levels.

You collected 88 gold pieces.

Inventory:

Hand Weapons
 a - a +0 long sword (weapon)
Missiles
 d - 3 throwing nets
 e - a javelin
Armour
 b - a +0 leather armour (worn)
 c - a +0 helmet (worn)
Scrolls
 f - a scroll of vulnerability {unknown}
 g - 2 scrolls of identify (quivered) {unknown}
 h - a scroll of immolation {unknown}
 i - a scroll of teleportation {unknown}


   Skills:
 - Level 2.0 Fighting
 * Level 3.3 Long Blades
 - Level 2.0 Throwing
 + Level 1.0 Armour
 - Level 3.0 Dodging
 + Level 1.1 Shields


You had 2 spell levels left.
You didn't know any spells.
Your spell library contained the following spells:

 Spells                   Type           Power      Damage    Failure   Level
 Freeze                   Ice            0%         1d3       43%         1
 Sandblast                Erth           0%         2d4       43%         1
 Passwall                 Tmut/Erth      0%         N/A       56%         2
 Stone Arrow              Conj/Erth      0%         3d7       80%         3


Dungeon Overview and Level Annotations

Branches:
Dungeon (3/15)

Annotations:
D:2 Robin


Innate Abilities, Weirdness & Mutations

You have an increased reservoir of magic. (+10% MP)
You shall have no god before yourself.
Your divine heritage dramatically boosts your attributes as you level up.


Message History

The sling bullet closely misses the goblin.
The goblin hits you but does no damage.
The goblin shoots a sling bullet.
The sling bullet closely misses you.
Things that are here:
a +0 dagger; a goblin corpse You barely miss the goblin.
The goblin closely misses you.
The goblin shoots a sling bullet.
The sling bullet closely misses you.
You barely miss the goblin. The goblin misses you.
The goblin shoots a sling bullet.
The sling bullet hits you.
* * * LOW HITPOINT WARNING * * *
You closely miss the goblin. The goblin hits you with a +0 club.
* * * LOW HITPOINT WARNING * * *
Robin flexes a bicep menacingly.
The goblin shoots a sling bullet.
The sling bullet closely misses you. The goblin closely misses you.
Robin throws the goblin at you!
* * * LOW HITPOINT WARNING * * *
The goblin no longer looks unusually strong.
The goblin attacks as you move away! The goblin closely misses you.
The goblin no longer looks unusually strong.
There is an escape hatch in the floor here.
You slide downwards.
The hatch slams shut behind you.
The goblin shouts!
Found a book of Weapons.
Found an escape hatch in the ceiling.
Found a stone staircase leading up.
You hit the goblin.
The goblin is severely wounded.
The goblin closely misses you.
You slash the goblin!
You kill the goblin!
The goblin misses you.
Your Armour skill increases to level 1!
You barely miss the goblin. The goblin hits you but does no damage.
You closely miss the goblin. The goblin closely misses you.
An endoplasm comes into view.
You slash the goblin!
You kill the goblin!
The endoplasm jiggles.
The endoplasm freezes you.
You are frozen.
You die...

#.#..#.
#.....
.....# #
....###.#
.........
#..<...<.
#)...:...
#@)......
##J......
.......
.......
#######


You could see an endoplasm.

Vanquished Creatures
  Natasha (D:2)
  An adder (D:2)
  2 endoplasms (D:1)
  6 goblins
  2 hobgoblins (D:2)
  A quokka (D:1)
  3 ball pythons
  2 bats
  A frilled lizard (D:1)
  A kobold (D:1)
  2 rats (D:1)
22 creatures vanquished.

Notes
Turn   | Place    | Note
-------+----------+-------------------------------------------
     0 | D:1      | wormed the Demigod Gladiator began the quest for the Orb.
     0 | D:1      | Reached XP level 1. HP: 17/17 MP: 3/3
   481 | D:1      | Got Plato's Octavo of Hypothermia
   651 | D:2      | Reached XP level 2. HP: 9/24 MP: 4/4
   967 | D:2      | Noticed Natasha
   989 | D:2      | Killed Natasha
   990 | D:2      | Reached skill level 1 in Shields
   990 | D:2      | Reached XP level 3. HP: 20/29 MP: 5/5
  1111 | D:2      | Noticed Robin
  1137 | D:3      | Reached skill level 1 in Armour
  1139 | D:3      | Frozen to death by an endoplasm

Illustrated notes

Levels and vault maps discovered:
D:1:      doesnt_arrival_eight_statues, layout_basic,
          shapermc_ecumenical_altar_rom_forum
D:2:      layout_loops_ring, uniq_crazy_yiuf_cottage, uniq_robin, uniq_natasha
D:3:      layout_loops_cross, elyvilon_altar_3, st_stairs_2

Skill      XL: |  1  2  3 |
---------------+----------+-----
Throwing       | 2 |  2.0
Fighting       | 2 |  2.0
Long Blades    | 3 |  3.3
Dodging        | 3 |  3.0
Shields        | 1 |  1.1
Armour         | 1 |  1.0

Action                   || total
-------------------------++-------
Melee: Long sword        ||    77
  Use: Potion            ||     1
 Stab: Sleeping          ||     3
Armor: Leather armour    ||    30
Dodge: Dodged            ||    71
